 Dungeon Crawl Stone Soup version 0.28-a0-1632-g283549b12f (webtiles) character file.

Game seed: 10744569688742390753

25903 GordonOverkill the Cleaver (level 13, -10/99 HPs)
             Began as a Djinni Arcane Marksman on Jan 25, 2022.
             Was a Believer of Trog.
             Mangled by Rupert (18 damage)
             ... on level 3 of the Lair of Beasts.
             The game lasted 00:35:35 (15445 turns).

GordonOverkill the Cleaver (DjAM)                  Turns: 15445, Time: 00:35:36

Health: -10/99     AC: 19    Str: 13    XL:     13   Next: 54%
Gold:   964        EV:  7    Int: 15    God:    Trog [**....] SH:  0 Dex: 15

rFire   + + +      SeeInvis +   a - +3 broad axe (freeze)
rCold   . . .      Faith    .   (no shield)
rNeg    . . .      Spirit   .   h - +0 chain mail
rPois   ∞          Reflect  .   g - +2 hat
rElec   .          Harm     .   p - scarf {rC+ rF+}
rCorr   .          Rampage  .   y - +2 pair of gloves
Will    +....                   (boots unavailable)
Stlth   ..........              e - amulet of regeneration
HPRegen 1.06/turn               r - +4 ring of protection
MPRegen 0.00/turn               l - ring of see invisible

@: on berserk cooldown, flying, hasted and slowed
A: sickness immunity, fire resistance 2, cold vulnerability 1, float, innate
caster, hp casting, extra vitality 1
a: Renounce Religion, Berserk, Trog's Hand


You were on level 3 of the Lair of Beasts.
You worshipped Trog.
Trog was pleased with you.
You visited 2 branches of the dungeon, and saw 14 of its levels.

You collected 1060 gold pieces.
You spent 96 gold pieces at shops.

Inventory:

Hand Weapons
 a - a +3 broad axe of freezing (weapon)
 b - a +4 scimitar of flaming
 s - a +0 dagger of venom
 H - a +2 vorpal morningstar
Missiles
 c - a throwing net
 q - 17 javelins (quivered)
 L - 4 silver javelins
Armour
 g - a +2 hat (worn)
 h - a +0 chain mail (worn)
 p - a scarf of resistance (worn)
 y - a +2 pair of gloves (worn)
 D - a scarf of repulsion
Jewellery
 e - an amulet of regeneration (around neck)
 l - a ring of see invisible (right hand)
 m - a ring of protection from fire
 r - a +4 ring of protection (left hand)
Wands
 o - a wand of paralysis (2)
 w - a wand of acid (2)
 z - a wand of polymorph (10)
 C - a wand of mindburst (2)
 E - a wand of iceblast (5)
 I - a wand of flame (21)
Scrolls
 d - a scroll of immolation
 i - 5 scrolls of fog
 v - a scroll of vulnerability
 x - a scroll of noise {unknown}
 A - a scroll of magic mapping {unknown}
 B - a scroll of fear
 J - a scroll of teleportation
Potions
 f - 7 potions of curing
 k - 2 potions of lignification
 n - 2 potions of ambrosia
 t - a potion of heal wounds
 F - 2 potions of mutation
Miscellaneous
 j - a condenser vane (inert)


   Skills:
 - Level 11.0 Fighting
 - Level 2.0 Short Blades
 + Level 13.6 Axes
 - Level 0.3(8.7) Maces & Flails
 - Level 1.5 Throwing
 - Level 7.0 Armour
 - Level 3.0 Dodging
 - Level 2.4 Spellcasting
 - Level 7.0 Evocations


You couldn't memorise any spells.
You knew the following spells:

 Your Spells              Type           Power      Damage    Failure   Level
a - Slow                  Hex            36%        N/A       86%         1
b - Inner Flame           Hex/Fire       9%         N/A       99%         3
c - Portal Projectile     Hex/Tloc       18%        N/A       99%         3
d - Cause Fear            Hex            4%         N/A       100%        4
e - Freeze                Ice            36%        1d6       86%         1
f - Passwall              Tmut/Erth      7%         N/A       95%         2
g - Teleport Other        Tloc           9%         N/A       99%         3
h - Olgreb's Toxic Radia  Pois           9%         N/A       100%        4
i - Freezing Cloud        Conj/Ice/Air   4%         6-21      100%        5
j - Irradiate             Conj/Tmut      4%         3d14      100%        5
Your spell library was empty.


Dungeon Overview and Level Annotations

Branches:
Dungeon (11/15)            Temple (0/1) D:6            Lair (3/6) D:11
  Swamp: Lair:2-4    Shoals: Lair:2-4     Snake: Lair:2-4    Spider: Lair:2-4
    Orc: D:9-12

Altars:
Ashenzari
Dithmenos
Elyvilon
Kikubaaqudgha
Makhleb
Nemelex Xobeh
Qazlal
Trog
Wu Jian

Shops:
D:7 (

Annotations:
Lair:3 Rupert


Innate Abilities, Weirdness & Mutations

You are immune to sickness and miasma.
You are immune to poison.
Your flesh is very heat resistant. (rF++)
You are vulnerable to cold. (rC-)
You float through the air rather than walking.
You learn spells naturally, not from books.
Your magical power is your life essence.
You have superior vitality. (+4 MHP)


Message History

A red film seems to cover your vision as you go berserk!
You feel yourself moving faster!
You feel mighty! Rupert roars wildly at you.
You are confused.
You are too berserk!
You feel a strong urge to attack something.
Rupert roars madly and goes into a rage!
Rupert goes berserk!
You bump into the rock wall.
You're too confused to move!
You feel your anger nearly subside.
You are no longer berserk.
You are exhausted.
You feel yourself slow down.
Rupert hits you with a +3 battleaxe of electrocution!!
* * * LOW HITPOINT WARNING * * *
You are electrocuted!!
* * * LOW HITPOINT WARNING * * *
Unknown command.
Unknown command.
You feel better.
Rupert is no longer covered in acid.
Rupert barely misses you.
Rupert hits you with a +3 battleaxe of electrocution!
* * * LOW HITPOINT WARNING * * *
Rupert barely misses you.
Unknown command.
Okay, then.
Unknown command.
Okay, then.
Unknown command.
You feel yourself speed up.
Rupert hits you with a +3 battleaxe of electrocution!
* * * LOW HITPOINT WARNING * * *
Rupert hits you but does no damage.
You feel much better.
Rupert hits you with a +3 battleaxe of electrocution!!
* * * LOW HITPOINT WARNING * * *
You are electrocuted!
* * * LOW HITPOINT WARNING * * *
Rupert hits you with a +3 battleaxe of electrocution!!
You die...

# ## ...# .##P# ....###...#
.....### #....#.....# ....)
#....####........... .....##
####...##........##...
......##..#..............#
..##
.............#.......P....#..#
#.....?..##.@........# #....#
#....@...###.@.......###....##
##........##$..#..........#..[
#.##.!..# #####.P....#..##..#
#..#...# #...†.....##.##
##......# #.........##...
#.......##### ##.......####..
##........#.# #.##.......##..
###.......## ######.....#...
#..@.....## #.........


You could see Rupert (berserk).

Vanquished Creatures
  Gastronok (D:8)
  4 hydras
  Erica (Lair:1)
  2 two-headed ogres
  A wizard (D:11)
  Pikel (D:4)
  4 elephants
  Joseph (D:7)
  4 black mambas
  7 cane toads
  Maggie (D:8)
  An unseen horror (D:11)
  A gargoyle (D:10)
  5 komodo dragons
  A troll (D:9)
  A polar bear (Lair:3)
  A hornet (D:8)
  4 blink frogs (Lair:1)
  A wraith (D:11)
  3 basilisks
  A wyvern (Lair:3)
  28 yaks
  7 vampire mosquitoes
  2 steam dragons
  8 water moccasins
  2 orc warriors
  2 black bears
  A necrophage (D:5)
  2 ogres (D:5)
  10 wolves (Lair:3)
  5 centaurs
  2 kobold brigands
  8 bullfrogs
  2 scorpions
  4 killer bees
  2 water moccasin skeletons (D:5)
  4 wights (D:7)
  4 centaur zombies
  6 hounds
  A gnoll shaman (D:8)
  5 orc priests
  A bullfrog skeleton (D:4)
  2 iguanas
  5 orc wizards
  A killer bee zombie (D:8)
  2 howler monkey zombies
  17 gnolls
  6 adders
  An adder zombie (D:3)
  2 worms
  3 dart slugs
  15 orcs
  6 bats
  3 endoplasms
  3 giant cockroaches (D:2)
  5 hobgoblins
  7 jackals
  7 quokkas
  6 ball pythons
  3 frilled lizards
  9 goblins
  17 kobolds
  2 rats
274 creatures vanquished.

Vanquished Creatures (others)
  A gnoll (D:9)
  11 fungi
  19 plants
31 creatures vanquished.

Grand Total: 305 creatures vanquished

Notes
Turn   | Place    | Note
-------+----------+-------------------------------------------
     0 | D:1      | GordonOverkill the Djinni Arcane Marksman began the quest
                  | for the Orb.
     0 | D:1      | Reached XP level 1. HP: 17/17 MP: 0/0
   363 | D:1      | Reached XP level 2. HP: 10/23 MP: 0/0
  1042 | D:1      | Found a faded altar of an unknown god.
  1512 | D:1      | Reached XP level 3. HP: 29/29 MP: 0/0
  1512 | D:1      | Learned a level 1 spell: Freeze
  1822 | D:2      | Reached skill level 1 in Short Blades
  1834 | D:2      | Reached XP level 4. HP: 20/35 MP: 0/0
  1921 | D:2      | Reached XP level 5. HP: 32/40 MP: 0/0
  1921 | D:2      | Learned a level 2 spell: Passwall
  2315 | D:2      | Found a bloodstained altar of Trog.
  2636 | D:2      | Became a worshipper of Trog the Wrathful
  3403 | D:3      | Reached XP level 6. HP: 48/48 MP: 0/0
  3712 | D:4      | Reached skill level 1 in Evocations
  3771 | D:4      | Reached * piety under Trog
  3874 | D:4      | Reached skill level 5 in Fighting
  4081 | D:4      | Reached XP level 7. HP: 41/54 MP: 0/0
  4081 | D:4      | Learned a level 3 spell: Teleport Other
  4147 | D:4      | Noticed Pikel
  4170 | D:4      | Killed Pikel
  4171 | D:4      | Reached XP level 8. HP: 64/64 MP: 0/0
  4559 | D:5      | Entered Level 5 of the Dungeon
  4677 | D:5      | Found an ornate altar of the Wu Jian Council.
  5170 | D:5      | Reached skill level 1 in Armour
  5423 | D:5      | Reached XP level 9. HP: 67/71 MP: 0/0
  5423 | D:5      | Learned a level 4 spell: Olgreb's Toxic Radiance
  5594 | D:6      | Found a staircase to the Ecumenical Temple.
  5753 | D:6      | Found a white marble altar of Elyvilon.
  6002 | D:6      | Found a sparkling altar of Nemelex Xobeh.
  6014 | D:6      | Found a broken altar of Ashenzari.
  6417 | D:7      | Found Awome's Antique Weapon Emporium.
  6587 | D:7      | Noticed Joseph
  6602 | D:7      | Killed Joseph
  6603 | D:7      | Reached skill level 10 in Fighting
  7241 | D:7      | Bought a broad axe for 96 gold pieces
  7278 | D:8      | Reached skill level 1 in Axes
  7332 | D:8      | Noticed a hornet
  7341 | D:8      | Killed a hornet
  7402 | D:8      | Reached skill level 2 in Axes
  7402 | D:8      | Reached XP level 10. HP: 82/82 MP: 0/0
  7525 | D:8      | Noticed Gastronok
  7639 | D:8      | Reached skill level 3 in Axes
  7707 | D:8      | Noticed Maggie
  7724 | D:8      | Killed Maggie
  7725 | D:8      | Reached skill level 4 in Axes
  7893 | D:8      | Killed Gastronok
  7894 | D:8      | Reached skill level 6 in Axes
  8100 | D:8      | Noticed a two-headed ogre
  8108 | D:8      | Killed a two-headed ogre
  8109 | D:8      | Reached skill level 7 in Axes
  8529 | D:9      | Reached XP level 11. HP: 87/87 MP: 0/0
  8529 | D:9      | Learned a level 5 spell: Freezing Cloud
  8838 | D:9      | Reached skill level 8 in Axes
  8912 | D:9      | Found a burning altar of Makhleb.
  8917 | D:9      | Found a stormy altar of Qazlal.
  9607 | D:9      | Found a burning altar of Makhleb.
  9612 | D:9      | Found a stormy altar of Qazlal.
 10304 | D:10     | Entered Level 10 of the Dungeon
 10519 | D:10     | Noticed a two-headed ogre
 10533 | D:10     | Killed a two-headed ogre
 10534 | D:10     | Reached skill level 9 in Axes
 10801 | D:10     | Found a shadowy altar of Dithmenos.
 11199 | D:10     | Reached skill level 10 in Axes
 11364 | D:11     | Noticed a wizard
 11368 | D:11     | Killed a wizard
 11886 | D:11     | Reached ** piety under Trog
 12036 | D:11     | Noticed an elephant
 12037 | D:11     | Found a staircase to the Lair.
 12071 | D:11     | Killed an elephant
 12072 | D:11     | Reached skill level 11 in Axes
 12087 | D:11     | Reached XP level 12. HP: 94/94 MP: 0/0
 12372 | Lair:1   | Entered Level 1 of the Lair of Beasts
 12426 | Lair:1   | Noticed Erica
 12437 | Lair:1   | Killed Erica
 12683 | Lair:1   | Noticed a four-headed hydra
 12685 | Lair:1   | Reached skill level 12 in Axes
 12691 | Lair:1   | Killed a one-headed hydra
 12692 | Lair:1   | Reached skill level 5 in Evocations
 12936 | Lair:1   | Noticed a seven-headed hydra
 12946 | Lair:1   | Killed a one-headed hydra
 13771 | Lair:2   | Noticed an eight-headed hydra
 13791 | Lair:2   | Killed a three-headed hydra
 14067 | Lair:2   | Reached XP level 13. HP: 92/99 MP: 0/0
 14067 | Lair:2   | Learned a level 5 spell: Irradiate
 14728 | Lair:3   | Reached skill level 5 in Armour
 14737 | Lair:3   | Reached skill level 13 in Axes
 14938 | Lair:3   | Noticed a seven-headed hydra
 14951 | Lair:3   | Killed a one-headed hydra
 15316 | Lair:3   | Noticed Rupert
 15445 | Lair:3   | Mangled by Rupert

Illustrated notes

Levels and vault maps discovered:
D:1:      psy_arrival_terrarium, layout_loops_cross,
          shapermc_ecumenical_altar_gd
D:2:      layout_loops_cross, basic_altar
D:3:      layout_loops_ring, serial_bayou_ford_a
D:4:      layout_loops_ring, uniq_pikel
D:5:      layout_basic, chequers_temple_overflow_statue_of_worship
D:6:      layout_cave_pools, mainiacjoe_overflow_paths,
          amethyst_overflow_temple_binary, minmay_temple_entry_offerings,
          serial_park, serial_park_square1 [serial_park_minivault_5x5_5]
D:7:      layout_basic, serial_shops, shop, uniq_joseph
D:8:      layout_basic, uniq_gastronok, uniq_maggie
D:9:      layout_stronghold, minitemple
D:10:     layout_cave_pools, old_standard_altar
D:11:     layout_loops_ring, david_lair_generic
Lair:1:   layout_loops_ring, grunt_forest_stairs_basic, guppyfry_lair_drakes,
          grunt_megastairs_5, uniq_erica
Lair:2:   layout_gridlike
Lair:3:   layout_misc_corridors, st_stairs_7, beast_lair_carwin_6, uniq_rupert

Skill      XL: |  1  2  3  4  5  6  7  8  9 10 11 12 13 |
---------------+----------------------------------------+-----
Fighting       | 2 3 4 5 7 8 11 | 11.0
Short Blades   | 1 2 |  2.0
Evocations     | 2 4 6 7 |  7.0
Armour         | 2 3 4 7 |  7.0
Axes           | 2 7 11 12 13 | 13.6
Dodging        | 3 |  3.0
Maces & Flails | |  0.3
Throwing       | |  1.5
Spellcasting   | |  2.4

Action                   |  1- 3 |  4- 6 |  7- 9 | 10-12 | 13-15 || total
-------------------------+-------+-------+-------+-------+-------++-------
Melee: Unarmed           |    24 |       |       |       |       ||    24
       Dagger            |    69 |   252 |   280 |       |       ||   601
       Punch             |     2 |     1 |     9 |     4 |     1 ||    17
       Morningstar       |    24 |       |       |   369 |       ||   393
       Flail             |       |       |    31 |    57 |       ||    88
       Broad axe         |       |       |       |    81 |   137 ||   218
       Scimitar          |       |       |       |    19 |     8 ||    27
Throw: Javelin           |    13 |     3 |       |     1 |       ||    17
       Throwing net      |     1 |       |       |       |       ||     1
 Cast: Slow              |     1 |       |       |       |       ||     1
Invok: Berserk           |       |       |     9 |    21 |     8 ||    38
       Trog's Hand       |       |       |       |       |     1 ||     1
Evoke: Wand              |       |       |     2 |    12 |     4 ||    18
       Condenser vane    |       |       |       |       |     1 ||     1
  Use: Potion            |       |       |     3 |     3 |     3 ||     9
       Scroll            |       |       |     7 |    11 |     7 ||    25
 Stab: Sleeping          |     2 |     2 |       |       |       ||     4
       Held in net/web   |     1 |       |       |       |       ||     1
       Paralysed         |       |       |     1 |     6 |       ||     7
Armor: Robe              |    24 |    16 |       |       |       ||    40
       Ring mail         |       |    27 |    50 |       |       ||    77
       Chain mail        |       |       |   108 |   506 |   112 ||   726
Dodge: Dodged            |    91 |   137 |   121 |   212 |    62 ||   623

Table legend: (Time is in decaauts)
 A = Elapsed time spent in this place.
 B = Non-inter-level travel time spent in this place.
 C = Inter-level travel time spent in this place.
 D = Time resting spent in this place.
 E = Time spent auto-exploring this place.
 F = Levels seen in this place.
 G = Mean time per level.
                   A        B        C        D        E       F      G
               +--------+--------+--------+--------+--------+-----+--------+
         Total |  15850 |  15209 |    641 |   3478 |   7886 |  14 | 1132.1 |
       Dungeon |  12652 |  12068 |    584 |   2537 |   6415 |  11 | 1150.2 |
          Lair |   3198 |   3142 |     56 |    941 |   1470 |   3 | 1066.0 |
               +--------+--------+--------+--------+--------+-----+--------+

Top non-repeatable levels by time:
     D:9: 2168 daAuts
     D:1: 1741 daAuts
  Lair:1: 1361 daAuts
     D:8: 1323 daAuts
     D:7: 1109 daAuts
  Lair:2: 1075 daAuts
     D:2: 1036 daAuts
     D:5: 990 daAuts
    D:10: 972 daAuts
     D:3: 934 daAuts
    D:11: 899 daAuts
     D:4: 892 daAuts
  Lair:3: 761 daAuts
     D:6: 583 daAuts
